 Dungeon Crawl Stone Soup version 0.13-a0-3092-g1832de8 (webtiles) character file.

807 Sachiko the Shield-Bearer (level 7, -9/60 HPs)
             Began as a Minotaur Fighter on Sept 18, 2013.
             Mangled by an orc warrior
             ... wielding a +0,+1 orcish morningstar
              (11 damage)
             ... on Level 6 of the Dungeon.
             The game lasted 00:16:55 (3939 turns).

Sachiko the Shield-Bearer (Minotaur Fighter)        Turns: 3939, Time: 00:16:55

HP  -9/60        AC 10     Str 17 (20) XL: 7   Next: 22%
MP   2/2         EV  7     Int  7      God:
Gold 184         SH 20     Dex 10      Spells:  0 memorised,  6 levels left

Res.Fire  : . . .   See Invis. : .   a - +0 hand axe {=f}
Res.Cold  : . . .   Warding    : .   b - +0 scale mail
Life Prot.: . . .   Conserve   : .   c - +0 shield
Res.Poison: .       Res.Corr.  : .   (helmet restricted)
Res.Elec. : .       Clarity    : .   q - +0 cloak
Sust.Abil.: . .     Spirit.Shd : .   g - +0 pair of gloves
Res.Mut.  : .       Stasis     : .   (no boots)
Res.Rott. : .       Flight     : .   (no amulet)
Saprovore : . . .                    (no ring)
                                     j - ring of protection from magic

@: quite resistant to hostile enchantments, extremely unstealthy
A: retaliatory headbutt, horns 2
a: no special abilities


You were on level 6 of the Dungeon.
You were very hungry.

You visited 1 branch of the dungeon, and saw 6 of its levels.

You collected 164 gold pieces.

Inventory:

Hand weapons
 a - a +0,+0 hand axe (weapon) {=f}
Armour
 b - a +0 scale mail (worn)
 c - a +0 shield (worn)
 g - a +0 pair of gloves (worn)
 q - a +0 cloak (worn)
Magical devices
 f - a wand of magic darts (15)
 n - a wand of polymorph (12)
Comestibles
 d - 3 bread rations
 h - 2 chokos
 k - 5 meat rations
 r - an apple
Scrolls
 e - a scroll of fog
 l - 2 scrolls of remove curse
 m - a scroll of identify
 p - a scroll of teleportation
Jewellery
 j - a ring of protection from magic (left hand)
Potions
 i - a potion of degeneration
 o - 3 potions of agility
 s - 3 potions of magic
 t - a potion of cure mutation {unknown}


   Skills:
 + Level 5.1 Fighting
 + Level 3.8 Axes
 + Level 5.7 Armour
 + Level 3.5 Dodging
 + Level 6.4 Shields


You had 6 spell levels left.
You didn't know any spells.

Dungeon Overview and Level Annotations

Branches:
Dungeon (6/27)
 Temple: D:4-7          Orc: D:6-11

Altars:
Cheibriados
Elyvilon
Makhleb

Shops:
D:4 =%+


Innate Abilities, Weirdness & Mutations

You reflexively headbutt those who attack you in melee.
You have a pair of horns on your head.


Message History

* * * LOW HITPOINT WARNING * * *
You hit the orc warrior. You headbutt the orc warrior.
The orc warrior is almost dead.
The orc warrior hits you with an orcish morningstar!
* * * LOW HITPOINT WARNING * * *
You hit the orc warrior but do no damage.
Your headbutt misses the orc warrior.
The orc warrior is almost dead.
The orc warrior barely misses you.
You hit the crimson imp.
The crimson imp is lightly wounded.
You hit the orc warrior but do no damage.
The orc warrior is almost dead.
The crimson imp hits you but does no damage.
You hit the orc warrior.
The orc warrior is almost dead.
You hit the crimson imp but do no damage.
The crimson imp is lightly wounded.
The orc warrior hits you with an orcish morningstar!
You die...

#.#.#
#...
#..#
#..#
#<.#
#..#
#..#
##.5####
#.o@...#
##....?#
##....#
##.###
.. .##
.# .. #


You could see an orc warrior and a crimson imp.

Vanquished Creatures
  An ogre (D:4)
  A centaur (D:5)
  Blork the orc (D:4)
  An orc priest (D:4)
  3 orc wizards
  A scorpion (D:4)
  3 worker ants
  7 adders
  A worker ant zombie (D:5)
  A giant mite (D:5)
  A giant eyeball (D:4)
  4 giant geckos
  2 oozes
  15 orcs
  6 bats
  A bat skeleton (D:4)
  3 giant cockroaches
  9 hobgoblins
  7 jackals
  15 kobolds
  2 quokkas
  A ball python (D:1)
  3 giant newts
  15 goblins
  A kobold skeleton (D:5)
  13 rats
118 creatures vanquished.

Notes
Turn   | Place    | Note
--------------------------------------------------------------
     0 | D:1      | Sachiko, the Minotaur Fighter, began the quest for the Orb.
     0 | D:1      | Reached XP level 1. HP: 19/19 MP: 0/0
   349 | D:1      | Reached XP level 2. HP: 26/26 MP: 0/0
   715 | D:1      | Reached skill level 4 in Shields
   818 | D:2      | Reached XP level 3. HP: 25/33 MP: 1/1
  1095 | D:2      | Found a snail-covered altar of Cheibriados.
  1124 | D:2      | Reached XP level 4. HP: 25/40 MP: 1/1
  1262 | D:2      | Found a white marble altar of Elyvilon.
  1316 | D:2      | Reached skill level 1 in Dodging
  1841 | D:3      | Reached XP level 5. HP: 43/46 MP: 1/1
  1892 | D:3      | Found a burning altar of Makhleb.
  2072 | D:4      | Paralysed by a giant eyeball for 4 turns
  2123 | D:4      | Noticed an ogre
  2128 | D:4      | Reached skill level 5 in Shields
  2136 | D:4      | Killed an ogre
  2136 | D:4      | Reached XP level 6. HP: 20/53 MP: 2/2
  2140 | D:4      | Reached skill level 5 in Armour
  2242 | D:4      | Found Thumm's Food Shop.
  2426 | D:4      | Found Ashudgh's Book Boutique.
  2459 | D:4      | Found Warchapt's Jewellery Shop.
  2466 | D:4      | Noticed Blork the orc
  2475 | D:4      | Killed Blork the orc
  2475 | D:4      | Reached skill level 5 in Fighting
  2767 | D:4      | Reached skill level 6 in Shields
  3009 | D:5      | Entered Level 5 of the Dungeon
  3079 | D:5      | Reached XP level 7. HP: 21/60 MP: 2/2
  3936 | D:6      | HP: 1/60 [orc warrior/orcish morningstar (11)]
  3939 | D:6      | Mangled by an orc warrior

Action                   |  1- 3 |  4- 6 |  7- 9 || total
-------------------------+-------+-------+-------++-------
Melee: Hand axe          |   109 |   192 |    50 ||   351
Evoke: Wand              |       |     1 |       ||     1
  Use: Scroll            |     1 |     9 |     3 ||    13
       Potion            |       |     5 |     3 ||     8
